 Dungeon Crawl Stone Soup version 0.31-a0-1574-g5526595cd0 (webtiles) character file.

Game seed: 6476921192923397445

80 James the Cudgeller (level 4, -1/39 HPs)
             Began as a Minotaur Fighter on Jan 4, 2024.
             Slain by an orc wizard
             ... wielding a +0 dagger
              (2 damage)
             ... on level 3 of the Dungeon.
             The game lasted 00:03:46 (1829 turns).

James the Cudgeller (Minotaur Fighter)              Turns: 1829, Time: 00:03:47

Health: -1/39      AC:  6    Str: 22    XL:     4   Next: 18%
Magic:  3/3        EV: 10    Int:  5    God:
Gold:   152        SH:  4    Dex: 10    Spells: 3/3 levels left

rFire   . . .        a - +0 flail
rCold   . . .        c - +0 buckler
rNeg    . . .        r - +3 leather armour
rPois   .            (helmet restricted)
rElec   .            (no cloak)
rCorr   .            (no gloves)
SInv    .            (no boots)
Will    .....        (no amulet)
Stlth   +            (no ring)
HPRegen 0.26/turn    (no ring)
MPRegen 0.08/turn

%: no passive effects
@: no status effects
A: horns 2, retaliatory headbutt
a: no special abilities


You were on level 3 of the Dungeon.
You visited 1 branch of the dungeon, and saw 3 of its levels.

You collected 152 gold pieces.

Inventory:

Hand Weapons
 a - a +0 flail (weapon)
Missiles
 g - 7 stones (quivered)
Armour
 b - a +0 scale mail
 c - a +0 buckler (worn)
 i - a +0 robe
   (You found it on level 1 of the Dungeon)
 k - a +0 robe
   (You found it on level 1 of the Dungeon)
 m - a +0 leather armour
   (You found it on level 1 of the Dungeon)
 o - a +0 leather armour
   (You found it on level 2 of the Dungeon)
 p - a +0 chain mail
   (You found it on level 2 of the Dungeon)
 r - a +3 leather armour (worn)
   (You found it on level 2 of the Dungeon)
Jewellery
 q - an amulet of guardian spirit
   (You found it on level 2 of the Dungeon)
Scrolls
 f - a scroll of teleportation {unknown}
 h - a scroll of amnesia {unknown}
 l - 2 scrolls of fog {unknown}
 n - a scroll of poison {unknown}
Potions
 d - a potion of might
 e - a potion of degeneration {unknown}
 j - a potion of heal wounds {unknown}
 s - a potion of brilliance {unknown}


   Skills:
 - Level 3.6 Fighting
 + Level 5.4 Maces & Flails
 - Level 3.6 Armour
 - Level 3.6 Shields


You had 3 spell levels left.
You didn't know any spells.
Your spell library was empty.

Dungeon Overview and Level Annotations

Branches:
Dungeon (3/15)

Altars:


Innate Abilities, Weirdness & Mutations

You have a pair of horns on your head.
You reflexively headbutt those who attack you in melee.


Message History

Unknown command.
You sock the orc!
You kill the orc!
Something hits you. The orc hits you with a +0 flail. Something hits you.
You hit the orc. The orc hits you with a +0 flail.
You hear some strange, mumbled words.
A magic dart appears from out of thin air!
The magic dart hits you.
Unknown command.
You barely miss the orc. Something hits you but does no damage.
The orc hits you but does no damage.
You closely miss the orc. Your headbutt misses the orc. Something hits you.
* * * LOW HITPOINT WARNING * * *
The orc hits you with a +0 flail.
* * * LOW HITPOINT WARNING * * *
You sock the orc!
You kill the orc!
Something hits you but does no damage.
You hit something. Your headbutt misses something. Something hits you.
* * * LOW HITPOINT WARNING * * *
You hit something. Your headbutt misses something.
Something hits you but does no damage.
You barely miss something. Your headbutt misses something.
Something hits you but does no damage.
You closely miss something. Something hits you.
* * * LOW HITPOINT WARNING * * *
Something hits you but does no damage.
You hit something but do no damage. Your headbutt misses something.
You hear some strange, mumbled words.
A magic dart appears from out of thin air!
The magic dart hits you.
* * * LOW HITPOINT WARNING * * *
You miss something. Something hits you but does no damage.
You miss something. Something hits you but does no damage.
You barely miss something.
You hear some strange, mumbled words.
A magic dart appears from out of thin air!
The magic dart hits you.
* * * LOW HITPOINT WARNING * * *
You barely miss something. Something hits you.
You die...

#.#
######...#######
#.#
......#...#o..o.o
#.#
#######...######
#.# #...# # #...#
# #...# # #...#
#...########
#...@)......
#####{..#### ...#
...# ...# ...#
...# ...#


There were no monsters in sight!

Vanquished Creatures
  4 adders
  5 orcs (D:3)
  5 ball pythons
  3 endoplasms
  A giant cockroach (D:3)
  6 goblins
  2 hobgoblins
  2 kobolds
  2 quokkas
  3 bats
  A frilled lizard (D:1)
  4 rats
38 creatures vanquished.

Notes
Turn   | Place    | Note
-------+----------+-------------------------------------------
     0 | D:1      | James the Minotaur Fighter began the quest for the Orb.
     0 | D:1      | Reached XP level 1. HP: 19/19 MP: 0/0
   143 | D:1      | Reached skill level 3 in Maces & Flails
   522 | D:1      | Reached XP level 2. HP: 26/26 MP: 1/1
  1055 | D:2      | Reached skill level 4 in Maces & Flails
  1124 | D:2      | Reached XP level 3. HP: 31/31 MP: 2/2
  1156 | D:2      | Noticed a chaos spawn
  1167 | D:2      | Found a faded altar of an unknown god.
  1696 | D:3      | Reached skill level 5 in Maces & Flails
  1709 | D:3      | Reached XP level 4. HP: 37/39 MP: 3/3
  1828 | D:3      | HP: 1/39 [something/magic dart (5)]
  1829 | D:3      | Slain by an orc wizard

Illustrated notes

Levels and vault maps discovered:
D:1:      psy_arrival_basics, layout_loops_ring, serial_bayou_lagoon_a
D:2:      layout_loops_corners, dreamdust_ecumenical_altar_sealed_demon
D:3:      minmay_bubble_buster, layout_basic, biasface_ghost_orc_armoury,
          serial_co_window_serial, co_window_cross_1, co_window_cross_1,
          co_window_paths_a, co_window_paths_a, co_window_of_opportunity_a,
          co_window_corner_a, co_window_broadway_a, co_window_2corner,
          co_window_of_opportunity_c, co_window_paths_c, co_window_broadway_b,
          glass_columns_b, glass_columns_a, uniq_natasha

Skill      XL: |  1  2  3 |
---------------+----------+-----
Maces & Flails | 3 4 5 |  5.4
Fighting       | |  3.6
Armour         | |  3.6
Shields        | |  3.6

Action                     |  1- 3 |  4- 6 || total
---------------------------+-------+-------++-------
  Melee: Flail             |    66 |    19 ||    85
         Headbutt          |     8 |     1 ||     9
  Throw: Stone             |     6 |       ||     6
 Armour: Scale mail        |    25 |       ||    25
         Leather armour    |     8 |    26 ||    34
  Dodge: Dodged            |    30 |     1 ||    31
  Block: Buckler           |    14 |     1 ||    15

Table legend: (Time is in decaauts)
 A = Elapsed time spent in this place.
 B = Non-inter-level travel time spent in this place.
 C = Inter-level travel time spent in this place.
 D = Time resting spent in this place.
 E = Time spent auto-exploring this place.
 F = Levels seen in this place.
 G = Mean time per level.
                   A        B        C        D        E       F      G
               +--------+--------+--------+--------+--------+-----+--------+
         Total |   1860 |   1775 |     85 |      0 |   1466 |   3 |  620.0 |
       Dungeon |   1860 |   1775 |     85 |      0 |   1466 |   3 |  620.0 |
               +--------+--------+--------+--------+--------+-----+--------+

Top non-repeatable levels by time:
     D:1: 833 daAuts
     D:2: 824 daAuts
     D:3: 202 daAuts
